 Dungeon Crawl Stone Soup version 0.29-a0-330-g52719c12eb (webtiles) character file.

Game seed: 6617728438080326611

943 siradein the Shield-Bearer (level 7, -11/69 HPs)
             Began as a Minotaur Fighter on Apr 13, 2022.
             Was an Initiate of Gozag.
             Killed from afar by a steam dragon (14 damage)
             ... with a ball of steam
             ... on level 6 of the Dungeon.
             The game lasted 00:18:16 (5527 turns).

siradein the Shield-Bearer (Minotaur Fighter)       Turns: 5527, Time: 00:18:17

Health: -11/69     AC: 13    Str: 20    XL:     7   Next: 88%
Magic:  6/6        EV:  8    Int:  5    God:    Gozag
Gold:   333        SH:  5    Dex: 12    Spells: 6/6 levels left

rFire   . . .      SeeInvis .   a - +0 long sword
rCold   . . .      Faith    .   c - +0 buckler
rNeg    . . .      Spirit   .   r - +0 chain mail
rPois   .          Reflect  .   k - +1 hat
rElec   .          Harm     .   m - +0 cloak
rCorr   .          Rampage  .   s - +0 pair of gloves
Will    .....                   (no boots)
Stlth   ..........              (no amulet)
HPRegen 0.21/turn               (no ring)
MPRegen 0.10/turn               (no ring)

@: gold aura
A: horns 2, retaliatory headbutt, talons 1, robust 1, MP-powered wands
a: Renounce Religion, Potion Petition, Call Merchant, Bribe Branch


You were on level 6 of the Dungeon.
You worshipped Gozag.
Gozag was aware of your devotion.
You visited 2 branches of the dungeon, and saw 7 of its levels.

You collected 418 gold pieces.
You paid 85 gold pieces to Gozag.

Inventory:

Hand Weapons
 a - a +0 long sword (weapon)
Missiles
 q - 15 poisoned darts (quivered)
Armour
 c - a +0 buckler (worn)
 k - a +1 hat (worn)
 m - a +0 cloak (worn)
 r - a +0 chain mail (worn)
 s - a +0 pair of gloves (worn)
Jewellery
 l - a ring of fire
Wands
 i - a wand of digging (7)
Scrolls
 f - 2 scrolls of teleportation
 g - 5 scrolls of magic mapping
 n - a scroll of brand weapon {unknown}
 o - 2 scrolls of enchant weapon
 t - a scroll of vulnerability {unknown}
Potions
 d - 2 potions of might
 e - 3 potions of brilliance
 h - a potion of invisibility {unknown}
 j - a potion of heal wounds
 p - a potion of cancellation


   Skills:
 + Level 6.1 Fighting
 + Level 5.4 Long Blades
 + Level 6.0 Armour
 + Level 3.9 Dodging
 + Level 6.1 Shields


You had 6 spell levels left.
You didn't know any spells.
Your spell library contained the following spells:

 Spells                   Type           Power      Damage    Failure   Level
 Magic Dart               Conj           0%         1d3       99%         1
 Call Imp                 Summ           0%         N/A       100%        2
 Ensorcelled Hibernation  Hex/Ice        0%         N/A       100%        2
 Passwall                 Tmut/Erth      0%         N/A       100%        2
 Dazzling Flash           Conj/Hex       0%         N/A       100%        3
 Ignite Poison            Fire/Tmut/Pois 0%         N/A       100%        3
 Mephitic Cloud           Conj/Pois/Air  0%         N/A       100%        3
 Swiftness                Air            0%         N/A       100%        3
 Agony                    Necr           0%         N/A       100%        5
 Freezing Cloud           Conj/Ice/Air   0%         6-21      100%        5
 Silence                  Hex/Air        0%         N/A       100%        5


Dungeon Overview and Level Annotations

Branches:
Dungeon (6/15)             Temple (1/1) D:5

Altars:
Ashenzari
Cheibriados
Fedhas
Gozag
Nemelex Xobeh
Okawaru
Qazlal
Ru
Sif Muna
Uskayaw
Vehumet
The Shining One

Shops:
D:4 *


Innate Abilities, Weirdness & Mutations

You have a pair of horns on your head.
You reflexively headbutt those who attack you in melee.
You have sharp toenails.
You are robust. (+10% HP)
You expend magic power (3 MP) to strengthen your wands.


Message History

You now have 333 gold pieces (gained 15).
A kobold is nearby!
A kobold is nearby!
A kobold is nearby!
A kobold is nearby!
The kobold shouts!
You hear a shout!
You hear an angry hiss.
You slash the kobold!
You kill the kobold!
No target in view!
No target in view!
No target in view!
A kobold brigand comes into view.
It is wielding a +0 whip and quivering curare-tipped darts.
A kobold brigand is nearby!
A kobold brigand is nearby!
A kobold brigand is nearby!
A steam dragon comes into view.
The steam dragon hisses angrily.
The kobold brigand hits you but does no damage.
Things that are here:
8 gold pieces; a +0 club; a potion of cancellation You slash the kobold brigand!
You headbutt the kobold brigand.
The kobold brigand is heavily wounded.
You block the kobold brigand's attack.
You hit the kobold brigand but do no damage.
The kobold brigand is heavily wounded.
The kobold brigand hits you but does no damage.
The kobold brigand hits you with a +0 whip!
You slash the kobold brigand! You claw the kobold brigand.
You kill the kobold brigand!
The steam dragon breathes steam at you. The ball of steam hits you!!
Your Armour skill increases to level 6!
You are too injured to fight recklessly!
The steam dragon breathes steam at you. The ball of steam hits you!!
* * * LOW HITPOINT WARNING * * *
The steam dragon breathes steam at you. The ball of steam hits you!
You die...
Your body crumbles into a pile of gold.

..# #?#
#########.#
#.......#.#
#.#####.#.#
#.#...#.#.#
#.#..<..#.#
#@#######D#
#.§§.D§§§.#
###########


There were no monsters in sight!

Vanquished Creatures
  A black bear (D:4)
  A sky beast (D:6)
  An ogre (D:4)
  A phantom (D:5)
  A kobold brigand (D:6)
  2 scorpions
  A hound (D:5)
  2 orc priests
  2 iguanas
  An orc wizard (D:4)
  10 adders
  3 gnolls (D:3)
  A shadow imp (D:5)
  A white imp (D:5)
  2 dart slugs
  10 orcs
  5 endoplasms
  7 giant cockroaches
  13 goblins
  6 hobgoblins
  2 jackals (D:1)
  6 quokkas
  19 ball pythons
  5 bats
  2 frilled lizards (D:1)
  16 kobolds
  2 rats (D:3)
123 creatures vanquished.

Vanquished Creatures (others)
  A plant (D:4)
1 creature vanquished.

Grand Total: 124 creatures vanquished

Notes
Turn   | Place    | Note
-------+----------+-------------------------------------------
     0 | D:1      | siradein the Minotaur Fighter began the quest for the Orb.
     0 | D:1      | Reached XP level 1. HP: 19/19 MP: 0/0
   297 | D:1      | Reached XP level 2. HP: 27/27 MP: 1/1
   846 | D:1      | Found a faded altar of an unknown god.
   872 | D:1      | Reached XP level 3. HP: 33/33 MP: 2/2
  1405 | D:2      | Reached XP level 4. HP: 40/40 MP: 3/3
  1409 | D:2      | Reached skill level 1 in Dodging
  1799 | D:3      | Reached XP level 5. HP: 46/47 MP: 4/4
  1999 | D:3      | Found a hide-covered altar of Uskayaw.
  2489 | D:3      | Found a radiant altar of Vehumet.
  2658 | D:3      | Found a snail-covered altar of Cheibriados.
  3142 | D:4      | Noticed an ogre
  3149 | D:4      | Killed an ogre
  3150 | D:4      | Reached skill level 5 in Fighting
  3150 | D:4      | Reached skill level 5 in Shields
  3150 | D:4      | Reached XP level 6. HP: 48/56 MP: 5/5
  3156 | D:4      | Gained mutation: You have sharp toenails. [potion of
                  | mutation]
  3156 | D:4      | Gained mutation: You are robust. (+10% HP) [potion of
                  | mutation]
  3156 | D:4      | Gained mutation: You expend magic power (3 MP) to
                  | strengthen your wands. [potion of mutation]
  3229 | D:4      | Found a shimmering blue altar of Sif Muna.
  3300 | D:4      | Reached skill level 5 in Armour
  3625 | D:4      | Found Yhudd's Assorted Antiques.
  3843 | D:4      | Reached XP level 7. HP: 65/67 MP: 6/6
  3980 | D:4      | Found a blossoming altar of Fedhas.
  4048 | D:5      | Entered Level 5 of the Dungeon
  4379 | D:5      | Found a staircase to the Ecumenical Temple.
  4396 | Temple   | Entered the Ecumenical Temple
  4408 | Temple   | Became a worshipper of Gozag Ym Sagoz the Greedy
  4563 | D:5      | Reached skill level 5 in Long Blades
  5139 | D:6      | Noticed a wraith
  5517 | D:6      | Noticed a steam dragon
  5522 | D:6      | HP: 2/69 [something/ball of steam (20)]
  5527 | D:6      | Killed from afar by a steam dragon

Illustrated notes

Levels and vault maps discovered:
D:1:      psy_arrival_radial01, layout_basic, basic_ecumenical_altar
D:2:      layout_basic
D:3:      layout_loops_corners, mainiacjoe_overflow_six_doors_small,
          mainiacjoe_overflow_swirl, minmay_snake_closets
D:4:      layout_loops_corners, mainiacjoe_overflow_surrounded_room,
          fedhas_altar_fruit_tree, serial_shops, nicolae_shop_overgrown_old_shop
D:5:      layout_basic, minmay_temple_entry_grid
D:6:      layout_basic, tgw_xom, trog_ov_bears_minmay
Temple:   pdpol_scorched_temple

Skill      XL: |  1  2  3  4  5  6  7 |
---------------+----------------------+-----
Fighting       | 4 5 6 |  6.1
Armour         | 4 5 6 |  6.0
Shields        | 4 5 6 |  6.1
Long Blades    | 3 4 5 |  5.4
Dodging        | 1 2 3 |  3.9

Action                   |  1- 3 |  4- 6 |  7- 9 || total
-------------------------+-------+-------+-------++-------
Melee: Long sword        |   104 |   148 |    80 ||   332
       Headbutt          |    12 |    20 |    13 ||    45
       Kick              |       |     8 |    20 ||    28
Throw: Dart              |       |     1 |       ||     1
  Use: Scroll            |       |     6 |     3 ||     9
       Potion            |       |     1 |       ||     1
 Stab: Distracted        |       |       |     1 ||     1
Armor: Scale mail        |    52 |    70 |    13 ||   135
       Chain mail        |       |       |    22 ||    22
Dodge: Dodged            |    56 |    57 |    22 ||   135
Block: Buckler           |    23 |    28 |    18 ||    69

Table legend: (Time is in decaauts)
 A = Elapsed time spent in this place.
 B = Non-inter-level travel time spent in this place.
 C = Inter-level travel time spent in this place.
 D = Time resting spent in this place.
 E = Time spent auto-exploring this place.
 F = Levels seen in this place.
 G = Mean time per level.
                   A        B        C        D        E       F      G
               +--------+--------+--------+--------+--------+-----+--------+
         Total |   5629 |   5539 |     90 |    474 |   4051 |   7 |  804.1 |
       Dungeon |   5606 |   5516 |     90 |    474 |   4048 |   6 |  934.3 |
        Temple |     22 |     22 |      0 |      0 |      3 |   1 |   22.0 |
               +--------+--------+--------+--------+--------+-----+--------+

Top non-repeatable levels by time:
     D:3: 1274 daAuts
     D:4: 1136 daAuts
     D:5: 1116 daAuts
     D:1: 1047 daAuts
     D:2: 657 daAuts
     D:6: 374 daAuts
  Temple: 22 daAuts
